 Dungeon Sprint DCSS version 0.22.1-1-ga44c0e56f4 (webtiles) character file.

0 MuseOD the Sneak (level 1, -3/9 HPs)
             Began as a Spriggan Enchanter on Sept 23, 2018.
             Was an Initiate of Dithmenos.
             Slain by a worker ant (6 damage)
             ... in the Dungeon (Sprint VI: "Thunderdome").
             The game lasted 00:00:48 (77 turns).

MuseOD the Sneak (Spriggan Enchanter)                 Turns: 77, Time: 00:00:48

Health: -3/9       AC:  2    Str:  4    XL:     1   Next: 41%
Magic:  4/5        EV: 18    Int: 16    God:    Dithmenos [......]
Gold:   200        SH:  0    Dex: 16    Spells: 4/5 levels left

rFire    . . .     SeeInvis +   a - +1 dagger
rCold    . . .     Gourm    .   (shield restricted)
rNeg     . . .     Faith    .   b - +0 robe
rPois    .         Spirit   .   (helmet restricted)
rElec    .         Reflect  .   (no cloak)
rCorr    .         Harm     .   (gloves unavailable)
MR       .....     NoTele   +   (boots unavailable)
Stlth    +++.......             (no amulet)
HPRegen  0.03/turn              (no ring)
MPRegen  0.09/turn              (no ring)

@: very quick
A: very small, unfitting armour, see invisible, herbivore, speed 3, slow
metabolism 2
a: Renounce Religion


You were in the Dungeon.
You worshipped Dithmenos.
Dithmenos was noncommittal.
You were not hungry.

You visited 1 branch You collected 200 gold pieces.

Inventory:

Hand Weapons
 a - a +1 dagger (weapon)
Armour
 b - a +0 robe (worn)
Wands
 k - a wand of acid (4)
 l - a wand of iceblast (5)
Scrolls
 j - 4 scrolls of blinking
 m - 3 scrolls of fog
Potions
 c - a potion of resistance
 e - a potion of curing
 f - 4 potions of heal wounds
 g - 4 potions of haste
 h - 2 potions of magic
 i - a potion of berserk rage
Comestibles
 d - a ration


   Skills:
 + Level 0.9 Fighting
 * Level 2.4 Short Blades
 - Level 3.0 Dodging
 + Level 5.0 Stealth
 - Level 2.6 Spellcasting
 - Level 3.6 Hexes


You had 4 spell levels left.
You knew the following spells:

 Your Spells              Type           Power        Failure   Level  Hunger
a - Corona                Hex            ##.....      4%          1    #......

Your spell library contained the following spells:

 Spells                   Type           Power        Failure   Level  Hunger
 Confuse                  Hex            ##......     13%         3    ###....
 Tukima's Dance           Hex            ##......     13%         3    ###....
 Ensorcelled Hibernation  Hex/Ice        #.....       14%         2    ##.....
 Dazzling Spray           Conj/Hex       #.....       28%         3    ###....


Dungeon Overview and Level Annotations

Branches:
Dungeon (1/1)

Altars:
Cheibriados
Dithmenos
Fedhas
Gozag
Kikubaaqudgha
Makhleb
Okawaru
Qazlal
Ru
Sif Muna
Trog
Uskayaw
Vehumet
Wu Jian
Xom
Yredelemnul
Zin
The Shining One
Beogh
Jiyva
Lugonu

Shops:
D *[%??*?*:[((!!!!


Innate Abilities, Weirdness & Mutations

You are very small and have problems with some larger weapons.
You are too small for most types of armour.
You have supernaturally acute eyesight. (SInv)
You are a herbivore.
You cover ground extremely quickly.
You need to consume almost no food.


Message History

The worker ant bites you but does no damage.
The worker ant misses you.
A giant cockroach comes into view.
You barely miss the worker ant.
The worker ant is lightly wounded.
The worker ant completely misses you.
You barely miss the worker ant.
The worker ant is lightly wounded.
The worker ant misses you.
You barely miss the worker ant.
The worker ant is lightly wounded.
The worker ant closely misses you.
You hit the worker ant.
The worker ant is moderately wounded.
The worker ant stops glowing.
The worker ant misses you.
You closely miss the worker ant.
The worker ant is moderately wounded.
The worker ant bites you.
Ouch! That really hurt!
You die...

#⌠...........⌠#
######.8.........8.##
##∩___......###......_
###∩........8.# #.8.....
##.............###.......
#⌠..........###...###....
#⌠..........# #.<.# #....
#⌠..........###...###....
#.....a@......###.......
###∩...s....8.# #.8.....
##∩___..†...###......_
######.8.........8.##
#§...........⌠#
###.........###
#........_# #_......._#
#_......._#


You could see a worker ant and a giant cockroach.

Vanquished Creatures
  A worm (D)
1 creature vanquished.

Notes
Turn   | Place    | Note
-------+----------+-------------------------------------------
     0 | D        | MuseOD the Spriggan Enchanter began the quest for the Orb.
     0 | D        | Reached XP level 1. HP: 9/9 MP: 5/5
     3 | D        | Found a sacrificial altar of Ru.
     3 | D        | Found a roughly hewn altar of Beogh.
     4 | D        | Found a shadowy altar of Dithmenos.
     4 | D        | Found an ancient bone altar of Kikubaaqudgha.
     5 | D        | Found a blossoming altar of Fedhas.
     5 | D        | Found an ornate altar of the Wu Jian Council.
     6 | D        | Found a shimmering altar of Xom.
     6 | D        | Found a radiant altar of Vehumet.
     6 | D        | Found Gian's Weapon Rack.
     6 | D        | Found Xiom's Premium Goods.
     7 | D        | Found Qekozec's Do-It-Yourself Clinic.
     8 | D        | Found Vuumnatse's Bottled Wisdom.
     8 | D        | Found Aheot's Distillery.
     9 | D        | Round 1.
    13 | D        | Became a worshipper of Dithmenos the Shadowed
    14 | D        | Found a stormy altar of Qazlal.
    14 | D        | Found a basalt altar of Yredelemnul.
    14 | D        | Found an iron altar of Okawaru.
    14 | D        | Found Evyjut's Distillery.
    18 | D        | Found a burning altar of Makhleb.
    19 | D        | Found a corrupted altar of Lugonu.
    20 | D        | Found a viscous altar of Jiyva.
    21 | D        | Found Waongu's Staff Store.
    22 | D        | Found a snail-covered altar of Cheibriados.
    22 | D        | Found Ujuariur's Magic Scroll Shop.
    22 | D        | Found Viagal's Must-Have Magic.
    22 | D        | Found Vepouw's Magic Scroll Shop.
    26 | D        | Found a hide-covered altar of Uskayaw.
    27 | D        | Found a deep blue altar of Sif Muna.
    28 | D        | Found an opulent altar of Gozag.
    29 | D        | Found Ymirchasm's Delicious Food.
    29 | D        | Found a glowing golden altar of the Shining One.
    29 | D        | Found a bloodstained altar of Trog.
    29 | D        | Found a glowing silver altar of Zin.
    29 | D        | Found Doxkirebb's Identification Station.
    30 | D        | Found Ifeosm's Jewellery.
    30 | D        | Found Uppeluleunt's Advanced Armour.
    37 | D        | Found Qiejikh's Miscellaneous Merchandise.
    37 | D        | Found Vaugedes's Basic Armour.
    44 | D        | Reached skill level 5 in Stealth
    52 | D        | Noticed a worker ant
    77 | D        | Slain by a worker ant

Skill      XL: |  1 |
---------------+----+-----
Short Blades   | 2 |  2.4
Stealth        | 5 |  5.0
Fighting       | |  0.9
Dodging        | |  3.0
Spellcasting   | |  2.6
Hexes          | |  3.6

Action                   || total
-------------------------++-------
Melee: Dagger            ||    13
 Cast: Corona            ||     2
Evoke: Wand              ||     1
Armor: Robe              ||     1
Dodge: Dodged            ||    12
